[Event "Championnat d'Europe Rapide"]
[Date "2024.12.08"]
[White "Aymerich Verdaguer, Eduard"]
[Black "Pancevski, Filip"]
[WhiteElo "2163"]
[BlackElo "2420"]
[Round "11.45"]
[Result "0-1"]
[TimeControl "900+10"]

1. d4 Nf6 2. c4 g6 3. Nc3 Bg7 4. e4 d6 5. h3 O-O 6. Bg5 Na6 7. g4 c5 8. d5 Nc7 9. a4 e6 10. Bd3 exd5 11. exd5 Qe8+ 12. Qe2 a6 13. Nf3 Rb8 14. a5 b5 15. axb6 Rxb6 16. Ra2 Qd7 17. Kd2 Re8 18. Qd1 Rb4 19. Re1 Rxe1 20. Qxe1 h5 21. Nh2 hxg4 22. Bxf6 Bxf6 23. Nxg4 Bg7 24. Kc2 Qd8 25. Qe3 Ne8 26. Ra1 Nf6 27. Nh6+ Kf8 28. Rg1 Rb7 29. Qg5 Qb6 30. Rb1 Qb3+ 31. Kd2 Bxh3 32. f4 Re7 33. f5 Re5 34. Nxf7 Kxf7 35. Qxg6+ Kf8 36. Rg1 Qxb2+ 37. Bc2 Qxc2+ 38. Kxc2 Bxf5+ 39. Qxf5 Rxf5 40. Ra1 Rf2+ 41. Kd3 Rf3+ 42. Kd2 Rxc3 43. Rxa6 Rxc4 44. Rxd6 Ne4+ 0-1

[Site "Europe Echecs"]

[Event "Championnat d'Europe Rapide"]
[Date "2024.12.08"]
[White "Rodriguez Fontecha, Marcos"]
[Black "Baskin, Robert"]
[WhiteElo "2278"]
[BlackElo "2442"]
[Round "11.46"]
[Result "1-0"]
[TimeControl "900+10"]

1. d4 e6 2.
Nf3 c5 3. c3 Nf6 4. Bf4 d5 5. e3 Bd6 6. Bg3 O-O 7. Nbd2 Qc7 8. Ne5 Nc6 9. f4 Ne7 10. Bd3 Nf5 11. Bf2 Be7 12. Qf3 b6 13. Qh3 Nd6 14. Bh4 Nfe4 15.
Bxe7 Qxe7 16. Nxe4 dxe4 17. Be2 cxd4 18. exd4 Bb7 19. Ng4 b5 20. Ne3 Kh8 21. O-O f5 22. Rfd1 g5 23. Qg3 Rg8 24. fxg5 Qxg5 25. Qxg5 Rxg5 26. Rf1 a5 27. a4 bxa4 28. Rxa4 Bc6 29. Ra3 a4 30. c4 Rb8 31. Ra2 Rb3 32. Nc2 Rd3 33. Bxd3 exd3 34. d5 exd5 35. Nb4 Bd7 36. c5 Nc4 37. c6 Be6 38. Nxd3 Ne3 39. Rf2 Rg4 40. Nf4 d4 41. h3 Rxf4 42. Rxf4 Bxa2 43. Rxd4 Be6 44. Rd6 Bd5 45. c7 Bb7 46.
Rb6 1-0

[Site "Europe Echecs"]

[Event "Championnat d'Europe Rapide"]
[Date "2024.12.08"]
[White "Ciric, Pavle"]
[Black "Narva, Mai"]
[WhiteElo "2346"]
[BlackElo "2413"]
[Round "11.47"]
[Result "0-1"]
[TimeControl "900+10"]

1. e4 e5 2. Nf3 Nc6 3. Bb5 a6 4. Ba4 Bc5 5. O-O Nge7 6. c3 Ng6 7. d4 Ba7 8. Bg5 f6 9. Be3 O-O 10. Nbd2 d6 11. h3 Kh8 12. Re1 Nce7 13. Bb3 c6 14. dxe5 Bxe3 15. Rxe3 dxe5 16. Nc4 Qc7 17. Nd6 h6 18. Rd3 Nf4 19. Nxc8 Qxc8 20. Rd7 Ned5 21. Rxg7 Kxg7 22. exd5 cxd5 23. Bxd5 Rd8 24. c4 Qf5 25. Qb3 Rd7 26. Bxb7 Rad8 27. Bc6 Rd6 28. Qb7+ Kh8 29. Be4 Qd7 30. c5 Qxb7 31. Bxb7 Rd1+ 32. Rxd1 Rxd1+ 33. Kh2 a5 34. c6 Ne6 35. Kg3 Rb1 36. b3 Rb2 37. Kg4 Rxf2 38. Kf5 Nc7 39. a3 Kg7 40. b4 axb4 41. axb4 Rxg2 42. Ke4 Rb2 43. Bc8 Rxb4+ 44. Ke3 Nd5+ 45. Kf2 e4 46. Ne1 Ne7 47. Bd7 Rc4 48. Ke3 Nxc6 49. Be6 Rc5 50. Ng2 f5 51. Kf4 Nd4 52. Bd7 Kf6 53. h4 Rc3 54. Ne1 Ne2# 0-1

[Site "Europe Echecs"]

[Event "Championnat d'Europe Rapide"]
[Date "2024.12.08"]
[White "Biljanic, Ljubomir"]
[Black "Stanojoski, Zvonko"]
[WhiteElo "2130"]
[BlackElo "2401"]
[Round "11.48"]
[Result "1-0"]
[TimeControl "900+10"]

1. d4 d5 2.
c4 e6 3. Nc3 c6 4. e3 f5 5. Nf3 Nf6 6. a3 a5 7. Bd3 Bd6 8. O-O O-O 9. Ne5 Bd7 10. f4 Ne4 11. Bd2 Be8 12. Be1 Nd7 13. Nxe4 fxe4 14. Be2 Nxe5 15.
fxe5 Rxf1+ 16. Bxf1 Be7 17. Qg4 Bf7 18. Rc1 Qb6 19. Bc3 Rf8 20. c5 Qd8 21. Be2 b6 22. cxb6 Qxb6 23. Qh3 c5 24. Bg4 Bg5 25. Rf1 h5 26. Rxf7 Rxf7 27. Bxe6 Bxe3+ 28. Kh1 cxd4 29. Bxd5 Qb7 30. Qe6 dxc3 31. Bxb7 c2 32. Qe8+ Kh7 33. Bxe4+ Kh6 34. Qc6+ Kg5 35. Qg6+ Kf4 36. Qxf7+ Kxe4 37. Qg6+ 1-0

[Site "Europe Echecs"]

[Event "Championnat d'Europe Rapide"]
[Date "2024.12.08"]
[White "Tsolakidou, Stavroula"]
[Black "Triadu Cassa, Jordi"]
[WhiteElo "2451"]
[BlackElo "2108"]
[Round "11.49"]
[Result "1-0"]
[TimeControl "900+10"]

1. e4 e5 2.
Nf3 Nc6 3.
Bb5 a6 4.
Ba4 Nf6 5.
O-O Be7 6.
Re1 b5 7.
Bb3 d6 8. c3 O-O 9. h3 Na5 10. Bc2 c5 11. d4 Qc7 12. Nbd2 cxd4 13.
cxd4 Bb7 14.
d5 Rac8 15.
Bd3 Nd7 16.
Nf1 f5 17.
exf5 Nf6 18.
Ng5 Bxd5 19.
Ne3 Bf7 20.
Ne6 Bxe6 21.
fxe6 d5 22.
Bf5 Nc4 23.
Ng4 e4 24.
Nxf6+ Rxf6 25. Qxd5 Rcf8 26. Bxe4 Rxf2 27. Qh5 g6 28. Bxg6 Bc5 29. Bxh7+ Kh8 30. Bd3+ Kg8 31. Qg5+ Kh8 32. Kh1 Ne5 33. Qh5+ Kg8 34. Qg5+ Kh8 35.
Rxe5 Rf1+ 36. Bxf1 Rxf1+ 37. Kh2 Bd6 38. Bf4 Rxf4 39.
Qh6+ Kg8 40.
Rg5+ 1-0

[Site "Europe Echecs"]

[Event "Championnat d'Europe Rapide"]
[Date "2024.12.08"]
[White "Domingo Nunez, Ruben"]
[Black "Nakonechnyi, Oleksii"]
[WhiteElo "2409"]
[BlackElo "2052"]
[Round "11.50"]
[Result "1-0"]
[TimeControl "900+10"]

1. e4 c5 2.
d4 cxd4 3.
c3 d3 4.
Bxd3 Nc6 5. c4 g6 6. Nf3 Bg7 7. O-O d6 8. h3 Nf6 9. Nc3 O-O 10. Be3 Nd7 11. Rc1 Nde5 12. Be2 h6 13. b3 Kh7 14. Nxe5 Nxe5 15. Bd4 Nc6 16. Bxg7 Kxg7 17. Qd2 Qa5 18. f4 Bd7 19. Kh1 Rac8 20. e5 Be6 21. exd6 Rfd8 22. Qb2 Rxd6 23. Nb5+ Kg8 24. Nxd6 exd6 25. Bd3 Bf5 26. Bxf5 Qxf5 27. Qd2 Rd8 28. Rcd1 h5 29. Qd5 Qf6 30. Qg5 Kg7 31. Rf3 Ne7 32. Rfd3 Qxg5 33. fxg5 Nf5 34. g4 hxg4 35. hxg4 Nh4 36. Rh3 Rh8 37. Rf1 1-0

[Site "Europe Echecs"]

[Event "Championnat d'Europe Rapide"]
[Date "2024.12.08"]
[White "Avramidou, Anastasia"]
[Black "Hamitevici, Vladimir"]
[WhiteElo "2298"]
[BlackElo "2423"]
[Round "11.51"]
[Result "1/2-1/2"]
[TimeControl "900+10"]

1. d4 Nf6 2.
c4 b6 3. Nc3 Bb7 4. a3 e6 5. Nf3 d5 6. Bg5 Be7 7. e3 O-O 8. Rc1 Ne4 9. Bxe7 Qxe7 10. cxd5 exd5 11. Bd3 Nd6 12. O-O Nd7 13. Nb5 c5 14. Nxd6 Qxd6 15. Bf5 c4 16. Bxd7 Qxd7 17. Qd2 a5 18. Ne1 Qd6 19. Nc2 Bc8 20. f3 f5 21. e4 fxe4 22. fxe4 Rxf1+ 23.
Rxf1 dxe4 24. Ne3 b5 25. a4 Bd7 26. axb5 Bxb5 27. Rf5 Rb8 28. Qxa5 Qxd4 29. Qc3 Qxc3 30. bxc3 Ba6 31. Ra5 Rb6 32. Kf2 Kf7 33. Nd5 Rb2+ 34. Ke3 Bb7 35. Ra7 Ke6 36. Nb4 Bc8 37. Rxg7 Ke5 38. Rg5+ Kf6 39. Rc5 Be6 40. Kxe4 Rxg2 41. Nd5+ Bxd5+ 42. Kxd5 1/2-1/2

[Site "Europe Echecs"]

[Event "Championnat d'Europe Rapide"]
[Date "2024.12.08"]
[White "Tweedie, Steven"]
[Black "Danov, Lyubomir"]
[WhiteElo "2172"]
[BlackElo "2297"]
[Round "11.52"]
[Result "0-1"]
[TimeControl "900+10"]

1. e4 e5 2.
Nf3 Nc6 3.
Bc4 Bc5 4.
d3 Nf6 5.
Nc3 h6 6.
O-O d6 7. h3 g5 8. Be3 g4 9. hxg4 Bxg4 10. Re1 Nd4 11. Bxd4 Bxd4 12. Kf1 Nh5 13. Qd2 Bxf3 14.
gxf3 Qh4 15.
Ke2 Qxf2+ 16. Kd1 Qxd2+ 17. Kxd2 Bxc3+ 18. Kxc3 Nf4 19. Rh1 Ke7 20. Rh2 Rag8 21. d4 Rg3 22. Rf1 h5 23. dxe5 dxe5 24. Kd2 h4 25. Ke3 h3 26. Rfh1 Rg2 27. Bf1 Rxh2 28. Rxh2 Rd8 29. Kf2 Rd1 30. Bxh3 Ra1 31. Kg3 Rxa2 32. b3 Nxh3 33. Kxh3 a5 34. Rd2 c6 35. Kg3 b5 36. Kf2 a4 37. bxa4 bxa4 38. Ke2 a3 39. Kd3 Ra1 40. c3 a2 41. Kc4 Ke6 42. Kb3 Rf1 43. Rxa2 Rxf3 44. Ra4 Rf4 45. Kc2 Kd6 46. Ra7 f6 47. Kd3 Rf3+ 48. Kd2 Kc5 49. Ra5+ Kb6 50. Ra8 Kb5 51. Rb8+ Kc4 52. Rb4+ Kc5 53.
Rb8 Kd6 54.
Rb6 Kc7 55.
Rb4 c5 56.
Rb5 Kc6 57.
Rb8 f5 58.
Rc8+ Kd6 59.
Rd8+ Ke7 60.
Rd5 Ke6 61.
Rxc5 f4 62.
Rc6+ Kd7 63.
Rc5 Kd6 64.
Rd5+ Ke6 65. Ra5 Re3 66. Ra6+ Ke7 67. Ra4 Kf6 68. Ra6+ Kg5 69. c4 Rxe4 70. c5 Rd4+ 71. Ke2 e4 72. c6 Rc4 73. Ra5+ Kg4 74. Re5 e3 75. Re6 Kf5 76. Rh6 Rc2+ 77. Kd3 Rd2+ 78. Kc3 Rd1 79. Kc2 e2 80. c7 Rc1+ 81. Kxc1 e1=Q+ 82. Kc2 Qe4+ 0-1

[Site "Europe Echecs"]

[Event "Championnat d'Europe Rapide"]
[Date "2024.12.08"]
[White "Popovic, Milos T"]
[Black "Zygouris, Hristos"]
[WhiteElo "2334"]
[BlackElo "2163"]
[Round "11.53"]
[Result "1/2-1/2"]
[TimeControl "900+10"]

1. d4 d5 2.
Bf4 c5 3. e3 Nc6 4. c3 Nf6 5. Nd2 cxd4 6. exd4 Bf5 7. Qb3 Qc8 8. Ngf3 e6 9. Be2 Be7 10. O-O O-O 11. Rfe1 a6 12. a4 Na5 13. Qd1 b5 14. axb5 axb5 15. Nh4 Be4 16. Nxe4 Nxe4 17. Nf3 Nc4 18. Qc2 Qb7 19. Bd3 Nf6 20. b3 Nd6 21. Qe2 Nfe4 22.
Bxd6 Nxd6 23. Ne5 g6 24. g3 Rfc8 25. Rxa8 Rxa8 26. c4 bxc4 27. bxc4 dxc4 28. Nxc4 Rd8 29. Nxd6 Rxd6 30. Be4 Qd7 31. d5 exd5 32. Bxd5 Bd8 33. Qe8+ Qxe8 34. Rxe8+ Kg7 35. Bf3 1/2-1/2

[Site "Europe Echecs"]

[Event "Championnat d'Europe Rapide"]
[Date "2024.12.08"]
[White "Nevednichy, Vladislav"]
[Black "Suljovic, Sulejman"]
[WhiteElo "2451"]
[BlackElo "2182"]
[Round "11.54"]
[Result "1-0"]
[TimeControl "900+10"]

1. e4 e6 2. d4 d5 3. Nc3 dxe4 4. Nxe4 Bd7 5. c4 Bc6 6. Nc3 Bb4 7. Nge2 Nf6 8. f3 Nbd7 9. a3 Bxc3+ 10. Nxc3 Nb6 11. Be3 Qd7 12. a4 a5 13. Bd3 Qe7 14. O-O Rd8 15. b3 O-O 16. Qc2 Nbd7 17. Rfe1 Nb8 18. Bf2 Na6 19. Bf1 Nb4 20. Qe2 b6 21. Rad1 Rfe8 22. Bh4 h6 23. f4 Bb7 24. f5 Qf8 25. Bxf6 gxf6 26. fxe6 Rxe6 27. Qf2 Qg7 28. d5 Re5 29. Ne4 f5 30. Ng3 Rde8 31. Nxf5 Qf6 32. Rxe5 Rxe5 33. Nd4 Qe7 34. Nf3 Re3 35. Nd4 Bc8 36. Ne6 Rxb3 37. Nd4 Re3 38. Nb5 Bg4 39. Rd2 Qe5 40. Nxc7 Bd7 41. d6 Kf8 42. Nd5 Nxd5 43.
Rxd5 Qe6 44. Qb2 f6 45. Qxb6 Re1 46. Qf2 Rc1 47. Rxa5 Qxd6 48. Rd5 Qe6 49. Qd2 Re1 50. Rxd7 1-0